 Dungeon Crawl Stone Soup version 0.20.1-1-g8b1a95d (webtiles) character file.

190 Vodalian the Chopper (level 5, -13/48 HPs)
             Began as a Minotaur Berserker on Dec 22, 2017.
             Was a Believer of Trog.
             Mangled by an orc wizard
             ... wielding a +0 dagger of electrocution
              (20 damage)
             ... on level 3 of the Dungeon.
             The game lasted 00:05:17 (1443 turns).

Vodalian the Chopper (Minotaur Berserker)           Turns: 1443, Time: 00:05:18

Health: -13/48     AC: 11    Str: 21    XL:     5   Next: 41%
Magic:  4/4        EV:  7    Int:  4    God:    Trog [**....]
Gold:   95         SH:  0    Dex: 11    Spells: 4/4 levels left

rFire    . . .     SeeInvis .   a - +0 hand axe
rCold    . . .     Gourm    .   (no shield)
rNeg     . . .     Faith    .   i - +0 plate armour
rPois    .         Spirit   .   (helmet restricted)
rElec    .         Reflect  .   (no cloak)
rCorr    .         Harm     .   (no gloves)
MR       .....                  (no boots)
Stlth    ..........             (no amulet)
Regen    0.2/turn               (no ring)
MPRegen  0.1/turn               (no ring)

@: confused
A: retaliatory headbutt, horns 2
a: Berserk, Trog's Hand, Burn Spellbooks, Renounce Religion


You were on level 3 of the Dungeon.
You worshipped Trog.
Trog was pleased with you.
You were not hungry.

You visited 1 branch of the dungeon, and saw 3 of its levels.

You collected 95 gold pieces.

Inventory:

Hand Weapons
 a - a +0 hand axe (weapon)
Missiles
 l - 7 tomahawks (quivered)
Armour
 i - a +0 plate armour (worn)
Scrolls
 e - a scroll of recharging {unknown}
 m - a scroll of teleportation {unknown}
Potions
 d - 3 potions of agility {unknown}
 j - 2 potions of flight {unknown}
 k - a potion of haste {unknown}
Comestibles
 b - 5 chunks of flesh
 c - a bread ration
 f - 2 meat rations
 g - 4 fruits
 h - 2 royal jellies


   Skills:
 * Level 5.1 Fighting
 * Level 5.2 Axes
 + Level 3.4 Armour
 + Level 3.2 Dodging


You had 4 spell levels left.
You didn't know any spells.

Dungeon Overview and Level Annotations

Branches:
Dungeon (3/15)

Altars:
Fedhas


Innate Abilities, Weirdness & Mutations

You reflexively headbutt those who attack you in melee.
You have a pair of horns on your head.


Message History

You kill the orc!
Trog accepts your kill.
You start resting.
You feel sick.
An orc wizard comes into view.
It is wielding a dagger of electrocution.
You feel sick.
You feel sick.
You are no longer poisoned.
Things that are here:
a dagger; a robe The orc wizard shouts!
There is a stone staircase leading up here.
The orc wizard points at you and mumbles some strange words.
You are confused.
In your confused state, you trip and fall back down the stairs.
* * * LOW HITPOINT WARNING * * *
Okay, then.
The orc wizard hits you but does no damage.
You are electrocuted!
You die...

#..... # #......
#..#######)......
##....$...)>......
###...###..##...o...
.. #......# .......
#...###)## .......
##.####.###......$
#.))..<@o.....[..
######...###..#.#
###.# ..#.# .# .# .#
.# .#


You could see an orc wizard.

Vanquished Creatures
  An orc priest (D:3)
  3 orc wizards (D:3)
  An adder (D:2)
  An ooze (D:3)
  2 dart slugs (D:2)
  A leopard gecko (D:1)
  5 orcs (D:3)
  7 bats
  2 giant cockroaches (D:2)
  7 goblins
  7 hobgoblins
  4 jackals (D:1)
  2 ball pythons
  4 frilled lizards
  4 kobolds
  9 rats
60 creatures vanquished.

Notes
Turn   | Place    | Note
-------+----------+-------------------------------------------
     0 | D:1      | Vodalian the Minotaur Berserker began the quest for the Orb.
     0 | D:1      | Reached XP level 1. HP: 19/19 MP: 0/0
   530 | D:1      | Reached XP level 2. HP: 17/27 MP: 1/1
   917 | D:2      | Reached ** piety under Trog
   919 | D:2      | Reached XP level 3. HP: 26/33 MP: 2/2
  1023 | D:2      | Found a blossoming altar of Fedhas.
  1339 | D:3      | Reached XP level 4. HP: 39/41 MP: 3/3
  1364 | D:3      | Reached skill level 5 in Axes
  1374 | D:3      | Reached XP level 5. HP: 38/47 MP: 4/4
  1400 | D:3      | Reached skill level 5 in Fighting
  1443 | D:3      | Mangled by an orc wizard

Skill      XL: |  1  2  3  4  5 |
---------------+----------------+-----
Axes           | 4 5 |  5.2
Fighting       | 4 5 |  5.1
Armour         | 3 |  3.4
Dodging        | 3 |  3.2

Action                   |  1- 3 |  4- 6 || total
-------------------------+-------+-------++-------
Melee: Hand axe          |    85 |    64 ||   149
       Headbutt          |    12 |    10 ||    22
  Eat: Chunk             |     1 |     1 ||     2
Armor: Animal skin       |     9 |       ||     9
       Leather armour    |     6 |       ||     6
       Plate armour      |    21 |    38 ||    59
Dodge: Dodged            |    57 |    27 ||    84
